 Dungeon Crawl Stone Soup version 0.28.0-1-gb440e238dd (webtiles) character file.

Game seed: 11648166867804396270

155 a3don the Chopper (level 5, -2/44 HPs)
             Began as a Palentonga Monk on Feb 21, 2022.
             Was an Elder of Elyvilon.
             Slain by a goblin (3 damage)
             ... on level 4 of the Dungeon.
             The game lasted 00:03:16 (2918 turns).

a3don the Chopper (Palentonga Monk)                 Turns: 2918, Time: 00:03:17

Health: -2/44      AC:  9    Str: 17    XL:     5   Next: 14%
Magic:  6/6        EV:  3    Int: 10    God:    Elyvilon [****..]
Gold:   88         SH:  0    Dex: 12    Spells: 4/4 levels left

rFire   . . .      SeeInvis +   g - +0 broad axe (vorpal)
rCold   . . .      Faith    .   (no shield)
rNeg    . . .      Spirit   .   k - +0 plate armour
rPois   .          Reflect  .   j - +0 helmet
rElec   .          Harm     .   (no cloak)
rCorr   .          Rampage  .   (no gloves)
Will    .....                   (no barding)
Stlth   ..........              (no amulet)
HPRegen 0.14/turn               (no ring)
MPRegen 0.10/turn               (no ring)

@: confused, lethally poisoned (-2 -> -16), ambrosia-drunk, invisible
A: large, rugged brown scales 3, see invisible, deformed body, roll 1, armoured
tail
a: Rolling Charge, Renounce Religion, Purification, Heal Other, Heal Self


You were on level 4 of the Dungeon.
You worshipped Elyvilon.
Elyvilon was greatly pleased with you.
You visited 1 branch of the dungeon, and saw 4 of its levels.

You collected 88 gold pieces.

Inventory:

Hand Weapons
 a - a +0 hand axe
 g - a +0 vorpal broad axe (weapon)
Missiles
 d - 96 stones
 l - 5 silver boomerangs
Armour
 b - a +0 robe
 j - a +0 helmet (worn)
 k - a +0 plate armour (worn)
Jewellery
 c - a ring of ice
 o - a ring of poison resistance
Scrolls
 e - a scroll of blinking {unknown}
 i - 2 scrolls of identify {unknown}
 n - 2 scrolls of vulnerability {unknown}
Potions
 m - a potion of might {unknown}


   Skills:
 + Level 3.7 Fighting
 + Level 3.8 Axes
 + Level 3.1 Dodging
 - Level 1.6 Stealth
 * Level 2.5 Invocations


You had 4 spell levels left.
You didn't know any spells.
Your spell library contained the following spells:

 Spells                   Type           Power      Damage    Failure   Level
 Blink                    Tloc           0%         N/A       100%        2
 Manifold Assault         Tloc           0%         N/A       100%        5
 Storm Form               Tmut/Air       0%         N/A       100%        7


Dungeon Overview and Level Annotations

Branches:
Dungeon (4/15)
 Temple: D:4-7

Altars:
Elyvilon
Gozag
Xom


Innate Abilities, Weirdness & Mutations

You are completely covered in rugged brown scales. (AC +3, +7% HP)
You have supernaturally acute eyesight. (SInv)
Armour fits poorly on your strangely shaped body.
You can roll at nearby foes to attack.
You have a long armoured tail.


Message History

A kobold comes into view. It is wielding a +0 dagger.
A kobold is nearby!
The kobold shouts!
You hear a shout!
You hit the kobold.
You kill the kobold!
d - 96 stones (gained 1)
Things that are here:
a +0 dagger; a kobold corpse A goblin comes into view.
It is wielding a +0 dagger of venom.
The goblin shouts!
You barely miss the goblin. The goblin hits you but does no damage.
You are poisoned.
You barely miss the goblin.
You feel sick. The goblin hits you but does no damage.
The goblin hits you with a +0 dagger of venom.
* * * LOW HITPOINT WARNING * * *
You are lethally poisoned!
You barely miss the goblin.
* * * LOW HITPOINT WARNING * * *
You feel very sick.
The goblin hits you with a +0 dagger of venom.
* * * LOW HITPOINT WARNING * * *
You are more poisoned.
You barely miss the goblin.
* * * LOW HITPOINT WARNING * * *
You feel very sick. The goblin hits you but does no damage.
You are more poisoned.
The goblin hits you but does no damage.
It was a potion of ambrosia.
You are confused.
You feel invigorated.
* * * LOW HITPOINT WARNING * * *
You feel very sick. The goblin hits you but does no damage.
You bump into the rock wall.
* * * LOW HITPOINT WARNING * * *
You feel very sick.
The goblin hits you with a +0 dagger of venom.
You die...

#...........#
.....########.##
#.##.# #.#
...#...## #.# .
....... #.#
#...#. #.# # ...
#.# .#
#.##)#####.##..#
#....)....)@g..#
#...#.######.##.#
## #. #.# #. #.#
.. #.# ## #.# #.#
#.#


You could see a goblin.

Vanquished Creatures
  2 orc priests (D:4)
  3 adders
  A gnoll (D:1)
  3 worms
  A dart slug (D:1)
  2 orcs (D:4)
  2 ball pythons
  3 endoplasms
  2 giant cockroaches (D:2)
  4 goblins
  4 hobgoblins
  3 jackals (D:2)
  3 quokkas
  4 bats
  3 frilled lizards
  3 kobolds
  3 rats
46 creatures vanquished.

Vanquished Creatures (others)
  5 toadstools (D:1)
5 creatures vanquished.

Grand Total: 51 creatures vanquished

Notes
Turn   | Place    | Note
-------+----------+-------------------------------------------
     0 | D:1      | a3don the Palentonga Monk began the quest for the Orb.
     0 | D:1      | Reached XP level 1. HP: 19/19 MP: 1/1
    60 | D:1      | Reached XP level 2. HP: 15/25 MP: 2/2
   406 | D:1      | Found a faded altar of an unknown god.
   478 | D:1      | Prayed at the altar of an unknown god.
   478 | D:1      | Became a worshipper of Elyvilon the Healer
   478 | D:1      | Reached * piety under Elyvilon
   478 | D:1      | Reached ** piety under Elyvilon
   782 | D:2      | Reached *** piety under Elyvilon
   801 | D:2      | Reached XP level 3. HP: 28/31 MP: 3/3
  1275 | D:2      | Reached skill level 1 in Invocations
  1424 | D:2      | Reached XP level 4. HP: 22/37 MP: 3/5
  2144 | D:3      | Reached **** piety under Elyvilon
  2441 | D:3      | Found a shimmering altar of Xom.
  2676 | D:3      | Found an opulent altar of Gozag.
  2904 | D:4      | Reached XP level 5. HP: 11/44 MP: 6/6
  2916 | D:4      | HP: 1/44 [poisoned by a goblin]
  2918 | D:4      | Slain by a goblin

Illustrated notes

Levels and vault maps discovered:
D:1:      ldierk_walled_garden, layout_rooms,
          dreamdust_ecumenical_altar_angels_and_demons, corexii_leaking_fountain
D:2:      layout_loops_cross, minivault_26, hangedman_decor_diamond_cutter
D:3:      layout_basic, lemuel_doored_altar, mainiacjoe_overflow_catwalk
D:4:      layout_loops_ring, mainiacjoe_overflow_two_lobes, slow_altar_1,
          minmay_fractal_squares_diagonal_5

Skill      XL: |  1  2  3  4 |
---------------+-------------+-----
Invocations    | 1 2 |  2.5
Dodging        | 3 |  3.1
Fighting       | |  3.7
Axes           | |  3.8
Stealth        | |  1.6

Action                   |  1- 3 |  4- 6 || total
-------------------------+-------+-------++-------
Melee: Hand axe          |    28 |       ||    28
       Tailslap          |     8 |     6 ||    14
       Broad axe         |    52 |    59 ||   111
       Punch             |       |     1 ||     1
Invok: Heal Other        |     1 |       ||     1
 Abil: Rolling Charge    |     4 |     5 ||     9
  Use: Potion            |       |     2 ||     2
 Stab: Sleeping          |     1 |       ||     1
       Invisible         |       |     1 ||     1
Armor: Robe              |    25 |       ||    25
       Plate armour      |    27 |    47 ||    74
Dodge: Dodged            |    42 |    10 ||    52
